 Dungeon Crawl Stone Soup version 0.19.5 (webtiles) character file.

15 tidbits the Ducker (level 2, -1/19 HPs)
             Began as a High Elf Wanderer on Aug 8, 2017.
             Slain by an orc
             ... wielding a +0 whip
              (3 damage)
             ... on level 3 of the Dungeon.
             The game lasted 00:02:48 (369 turns).

tidbits the Ducker (High Elf Wanderer)               Turns: 369, Time: 00:02:49

Health: -1/19      AC:  2    Str: 11    XL:     2   Next: 34%
Magic:  3/3        EV: 13    Int: 14    God:
Gold:   46         SH:  0    Dex: 15    Spells: 0 memorised, 1 level left

rFire  . . .     SeeInvis .     a - +0 spear
rCold  . . .     Gourm    .     d - +0 robe
rNeg   . . .     Faith    .     (no shield)
rPois  .         Spirit   .     (no helmet)
rElec  .         Reflect  .     (no cloak)
rCorr  .         Harm     .     (no gloves)
MR     .....                    (no boots)
Stlth  ++........               (no amulet)
                                (no ring)
                                (no ring)

@: no status effects
A: no striking features
a: no special abilities


You were on level 3 of the Dungeon.
You were not hungry.

You visited 1 branch of the dungeon, and saw 3 of its levels.

You collected 46 gold pieces.

Inventory:

Hand Weapons
 a - a +0 spear (weapon)
 e - a +0 whip
   (You found it on level 1 of the Dungeon)
 j - a +0 short sword
   (You found it on level 1 of the Dungeon)
Missiles
 i - 2 needles of confusion
 l - 15 stones (quivered)
Armour
 d - a +0 robe (worn)
Wands
 b - a wand of enslavement (15/24)
Potions
 c - a potion of curing
 h - a potion of might {unknown}
 k - a potion of brilliance
Comestibles
 f - 2 bread rations
 g - a beef jerky


   Skills:
 - Level 2.0 Fighting
   Level 2.4 Long Blades
 - Level 2.4 Polearms
 + Level 2.6 Dodging
 - Level 1.1 Stealth
 - Level 1.0 Evocations


You had one spell level left.
You didn't know any spells.

Dungeon Overview and Level Annotations

Branches:
Dungeon (3/15)

Altars:


Message History

You reach to attack!
You hit the gnoll but do no damage.
A gnoll comes into view. It is wielding a halberd.
There is a stone staircase leading up here.
You climb upwards.
There is a stone staircase leading down here.
A hobgoblin comes into view. It is wielding a club.
The hobgoblin shouts!
Attack whom?
Press: ? - help, Dir - move target cursor, f - hobgoblin
Aim: a hobgoblin, wielding a club You reach to attack!
You hit the hobgoblin.
The hobgoblin is almost dead.
You hit the hobgoblin.
You kill the hobgoblin!
You see here a club.
Found a scroll labeled JONLAC EMOT.
m - a scroll labeled JONLAC EMOT
As you read the scroll labeled JEVIGIDIHU, it crumbles to dust.
You assume a fearsome visage.
Nothing appears to happen.
It was a scroll of fear.
As you read the scroll labeled JONLAC EMOT, it crumbles to dust.
It is a scroll of identify.
k - a potion of brilliance
Found 11 gold pieces.
Found a short sword.
You now have 46 gold pieces (gained 11).
You see here a short sword.
A rat comes into view.
The helpless rat fails to defend itself.
You hit the rat.
You kill the rat!
No target in view!
Found a stone staircase leading down.
There is a stone staircase leading down here.
You climb downwards.
An ooze comes into view.
Found a fuming cyan potion.
Found a stone staircase leading down.
There is a stone staircase leading up here.
The helpless ooze fails to defend itself.
You hit the ooze.
The ooze is lightly wounded.
The ooze hits you.
You hit the ooze.
The ooze is heavily wounded.
The ooze completely misses you.
You hit the ooze but do no damage.
The ooze is heavily wounded.
The ooze misses you.
You hit the ooze.
The ooze is almost dead.
The ooze completely misses you.
You barely miss the ooze.
The ooze is almost dead.
The ooze hits you.
You hit the ooze but do no damage.
The ooze is almost dead.
The ooze hits you but does no damage.
You hit the ooze.
You kill the ooze!
h - a fuming cyan potion
Found a stone staircase leading down.
There is a stone staircase leading down here.
You climb downwards.
There is a stone staircase leading up here.
Found a stone staircase leading up.
Found a jewelled bronze wand.
A giant cockroach and a kobold come into view.
Found a scroll labeled SUFUSU DIERIAC.
An orc comes into view. It is wielding a whip.
An orc comes into view. It is wielding a dagger.
You completely miss the orc. The orc hits you but does no damage.
You hit the orc but do no damage. You hit the orc but do no damage.
The orc hits you but does no damage.
You hit the orc but do no damage. The orc hits you with a whip.
* * * LOW HITPOINT WARNING * * *
You hit the orc but do no damage. The orc closely misses you.
You hit the orc but do no damage. The orc hits you with a whip.
* * * LOW HITPOINT WARNING * * *
You hit the orc but do no damage. The orc barely misses you.
You hit the orc.
The orc is moderately wounded.
The orc misses you.
Press: ? - help, v - describe, . - travel
Here: an orc, wielding a whip and wearing a leather armour (moderately wounded)
The floor, spattered with blood.
Unknown command.
Attack whom?
Press: ? - help, Dir - move target cursor You attack empty space.
The orc closely misses you.
Unknown command.
Attack whom?
Press: ? - help, Dir - move target cursor, f - orc
Aim: an orc, wielding a whip and wearing a leather armour (moderately wounded)
You closely miss the orc.
The orc is moderately wounded.
The orc hits you but does no damage.
Attack whom?
Press: ? - help, Dir - move target cursor, p - orc You attack empty space.
The orc hits you with a whip.
You die...

.# .# # .# ..#####
##.## #.?....###...#
.......#..<#
.......#.#...#
.s.....#.#########.###
..........@o.../....o.
#...#..#.#############
# #..#.# #..#.# <..#.#
##.##.# .K #.# ## #.#


You could see an orc.

Vanquished Creatures
  An ooze (D:2)
  A dart slug (D:1)
  2 bats
  A goblin (D:2)
  A hobgoblin (D:1)
  A frilled lizard (D:1)
  A kobold (D:1)
  A rat (D:1)
9 creatures vanquished.

Notes
Turn   | Place    | Note
-------+----------+-------------------------------------------
     0 | D:1      | tidbits the High Elf Wanderer began the quest for the Orb.
     0 | D:1      | tidbits set off with: a wand of enslavement (15/24), a +0 spear, a potion of curing, a +0 robe, a bread ration
     0 | D:1      | Reached XP level 1. HP: 14/14 MP: 2/2
    83 | D:2      | Reached skill level 2 in Dodging
   224 | D:1      | Reached XP level 2. HP: 12/19 MP: 3/3
   369 | D:3      | Slain by an orc

Skill      XL: |  1 |
---------------+----+-----
Dodging        | 2 |  2.6
Fighting       | |  2.0
Long Blades    | |  2.4
Polearms       | |  2.4
Stealth        | |  1.1
Evocations     | |  1.0

Action                   || total
-------------------------++-------
Melee: Spear             ||    38
  Use: Scroll            ||     2
 Stab: Sleeping          ||     6
Armor: Robe              ||     2
Dodge: Dodged            ||    12

Table legend:
 A = Turns spent in this place as a percentage of turns spent in the entire game.
 B = Non-inter-level travel turns spent in this place as a percentage of non-inter-level travel turns spent in the entire game.
 C = Inter-level travel turns spent in this place as a percentage of turns spent in this place.
 D = Turns resting spent in this place as a percentage of non-inter-level travel turns spent in this place.
 E = Turns spent auto-exploring this place as a percentage of non-inter-level travel turns spent in this place.
 F = Non-inter-level travel turns spent in this place divided by the number of levels of this place that you've seen.
                   A       B       C       D       E      F
               +-------+-------+-------+-------+-------+----------------------
         Total | 100.0 | 100.0 |   0.0 |   0.0 |   0.0 | 120.7
       Dungeon | 100.0 | 100.0 |   0.0 |   0.0 |   0.0 | 120.7
               +-------+-------+-------+-------+-------+----------------------

Table legend:
 A = Kills in this place as a percentage of kills in entire the game.
 B = Kills by you in this place as a percentage of kills by you in the entire game.
 C = Kills by friends in this place as a percentage of kills by friends in the entire game.
 D = Other kills in this place as a percentage of other kills in the entire game.
 E = Experience gained in this place as a percentage of experience gained in the entire game.
 F = Experience gained in this place divided by the number of levels of this place that you have seen.
                   A       B       C       D       E      F
               +-------+-------+-------+-------+-------+----------------------
         Total | 100.0 | 100.0 |  -nan |  -nan | 100.0 |   7.3
       Dungeon | 100.0 | 100.0 |  -nan |  -nan | 100.0 |   7.3
               +-------+-------+-------+-------+-------+----------------------

Vault maps used:
D:1:      evilmike_arrival_rings
D:2:      serial_bayou_crossing
D:3:      first_bread, hex_large
